 Dungeon Crawl Stone Soup version 0.23.2-40-g277498a001 (webtiles) character file.

Game seed: 5376052395315533429

346526 raph the Imperceptible (level 23, 0/141 HPs)
             Began as a Halfling Berserker on July 23, 2019.
             Was the Champion of Trog.
             Killed from afar by a deep elf annihilator (58 damage)
             ... with a crystal spear
             ... led by an ironheart preserver
             ... on level 3 of the Vaults on Apr 28, 2020.
             The game lasted 03:53:54 (64656 turns).

raph the Imperceptible (Halfling Berserker)        Turns: 64656, Time: 03:53:55

Health: 0/141      AC: 28    Str: 20    XL:     23   Next: 13%
Magic:  31/31      EV: 25    Int: 15    God:    Trog [******]
Gold:   1313       SH: 15    Dex: 24    Spells: 22/22 levels left

rFire    + + .     SeeInvis .   a - +8 rapier (venom)
rCold    . . .     Gourm    .   U - +2 buckler {reflect}
rNeg     + . .     Faith    .   M - +3 fire dragon scales
rPois    +         Spirit   .   u - +4 helmet of Feasting {rN+ Slay+2}
rElec    .         Reflect  +   K - +2 cloak {rPois}
rCorr    .         Harm     .   T - +0 pair of gloves of Loteann {Regen+}
MR       +....                  Z - +0 pair of boots
Stlth    ++++++++..             W - +5 amulet of reflection
HPRegen  0.73/turn              F - ring "Tecaskis" {Int+4 Stlth+}
MPRegen  0.22/turn              Q - ring "Zuyfud" {rPois rC+ MR+ Int+6}

@: vulnerable
A: small, frail 1, mutation resistance 1, strong 1
}: 2/15 runes: barnacled, gossamer
a: Berserk, Trog's Hand, Brothers in Arms, Renounce Religion


You were on level 3 of the Vaults.
You worshipped Trog.
Trog was exalted by your worship.
You were hungry.

You visited 7 branches of the dungeon, and saw 37 of its levels.
You visited the Abyss 3 times.
You visited 1 bazaar.
You also visited: Gauntlet.

You collected 4408 gold pieces.
You spent 3095 gold pieces at shops.

Inventory:

Hand Weapons
 a - a +8 rapier of venom (weapon)
 b - the +8 hunting sling "Aruhekec" {freeze, Str+3 Int+2}
   (You found it on level 3 of the Elven Halls)

   It causes projectiles fired from it to freeze those they strike, causing
   extra injury to most foes and up to half again as much damage against
   particularly susceptible opponents.
   They can also slow down cold-blooded creatures.
   It affects your strength (+3).
   It affects your intelligence (+2).
 N - a +5 quick blade
 Y - the +8 hunting sling "Cixuodos" {velocity, +Blink rElec}
   (You bought it in a shop on level 1 of the Vaults)

   Any stone fired from it inflicts extra damage.
   It insulates you from electricity.
   It lets you blink.
Missiles
 h - 60 tomahawks (quivered)
 G - 318 sling bullets
Armour
 u - the +4 helmet of Feasting (worn) {rN+ Slay+2}
   (You found it in a Gauntlet)

   It affects your accuracy and damage with ranged weapons and melee attacks
   (+2).
   It protects you from negative energy.
 K - a +2 cloak of poison resistance (worn)
 M - +3 fire dragon scales (worn)
 T - the +0 pair of gloves of Loteann (worn) {Regen+}
   (You found it in a Gauntlet)

   It increases your rate of regeneration.
 U - a +2 buckler of reflection (worn)
 Z - a +0 pair of boots (worn)
Jewellery
 n - a +3 ring of evasion
 C - an uncursed ring of see invisible
 F - the ring "Tecaskis" (left hand) {Int+4 Stlth+}
   (You acquired it on level 3 of the Elven Halls)

   [ring of stealth]

   It affects your intelligence (+4).
   It makes you more stealthy.
 Q - the ring "Zuyfud" (right hand) {rPois rC+ MR+ Int+6}
   (You took it off an orc warrior on level 1 of the Vaults)

   [ring of poison resistance]

   It affects your intelligence (+6).
   It protects you from cold.
   It protects you from poison.
   It affects your resistance to hostile enchantments.
 S - an uncursed ring of resist corrosion
 W - a +5 amulet of reflection (around neck)
Wands
 r - a wand of scattershot (4)
 x - a wand of paralysis (12)
 L - a wand of clouds (8)
 O - a wand of digging (11)
 P - a wand of acid (10)
 X - a wand of flame (66)
Scrolls
 f - 15 scrolls of teleportation
 j - 6 scrolls of fog
 l - a scroll of summoning
 q - 22 scrolls of identify
 s - 4 scrolls of magic mapping
 v - 3 scrolls of enchant weapon
 E - 4 scrolls of fear
 I - a scroll of blinking
 J - 11 scrolls of remove curse
Potions
 d - 5 potions of heal wounds
 e - 4 potions of brilliance
 g - 2 potions of invisibility
 i - 5 potions of might
 k - 2 potions of magic
 o - 5 potions of agility
 w - 6 potions of resistance
 z - 13 potions of curing
 A - 8 potions of haste
 B - 6 potions of ambrosia
 D - 6 potions of flight
 R - 5 potions of cancellation
Miscellaneous
 m - a phial of floods
 y - 2 phantom mirrors
 H - a lamp of fire
Comestibles
 c - 28 rations


   Skills:
 + Level 13.3 Fighting
 + Level 16.0(16.4) Short Blades
   Level 5.6(10.7) Long Blades
 - Level 20.9 Slings
 - Level 14.1 Armour
 - Level 14.1 Dodging
 + Level 22.3 Stealth
 - Level 7.0 Shields
 - Level 11.0 Evocations


You had 22 spell levels left.
You didn't know any spells.
Your spell library was empty.

Dungeon Overview and Level Annotations

Branches:
Dungeon (15/15)            Temple (0/1) D:5            Lair (6/6) D:10
 Shoals (4/4) Lair:3       Spider (4/4) Lair:4        Slime (0/5) Lair:6
    Orc (2/2) D:10            Elf (3/3) Orc:2        Vaults (3/5) D:13
 Depths (0/5) D:15
  Crypt: Vaults:2-3

Altars:
Ashenzari
Cheibriados
Dithmenos
Gozag
Hepliaklqana
Ru
Trog
Uskayaw
Wu Jian
Xom
Yredelemnul
The Shining One
Beogh
Jiyva

Shops:
D:4 (   D:11 :![   Orc:2 *([=   Elf:2 *!   Elf:3 %   Shoals:4 ?   Vaults:1 *(
Vaults:3 :[

Annotations:
Lair:2 exclusion: oklob plant, Sonja
Elf:3 3 runed translucent doors


Innate Abilities, Weirdness & Mutations

You are small and have problems with some larger weapons.
You are somewhat resistant to further mutation.
You are frail. (-10% HP)
Your muscles are strong. (Str +2)


Message History

Unknown command.
The deep elf sorcerer casts a spell.
The deep elf sorcerer seems to speed up.
A large abomination comes into view.
The deep elf sorcerer misses you.
The yaktaur wields a +1 arbalest of flaming.
It bursts into flame!
The yaktaur shoots a bolt.
You reflect the bolt off your +2 buckler of reflection!
The bolt hits the deep elf sorcerer!!
The bolt burns the deep elf sorcerer.
You block the deep elf sorcerer's attack.
Unknown command.
You block the ghostly ogre mage's attack.
You open the door.
The deep elf sorcerer completely misses you.
The ghostly ogre mage misses you.
Your skin stops crawling.
You feel less resistant to hostile enchantments.
The deep elf annihilator points at you and mumbles some strange words.
The crystal spear hits you!!!
You die...

#(.# #..# #.)# #
########..####### .#
'.)∩...#.e##....## .#
#......#pc#..Ox..#..#
#...eep#..#p(c...#..#
#..(Gecczp)).##e....#
#...3W.#########@########
.. #......#
#e..........#####'#'
##''####
#...#...#...#.......
..p..
#...#...#...#....... ..e.
#.###...###.#....... ....
#...........#....... ....
#...........#.......
#...).......'.......
#.###...###.###'####


You could see a deep elf annihilator, a deep elf sorcerer, a ghostly ogre mage,
a yaktaur and a small abomination.

Vanquished Creatures
  Nikola (Elf:3)
  Rupert (D:13)
  2 deep elf blademasters
  Asterion (Elf:2)
  Polyphemus (Shoals:2)
  2 tentacled starspawn
  Frances (D:13)
  Donald (Elf:1)
  A fire giant (Vaults:3)
  3 frost giants
  3 deep elf sorcerers
  4 ghost moths (Spider:4)
  Louise (Elf:2)
  6 vault wardens
  2 emperor scorpions (Spider:4)
  A cacodemon (Abyss:3)
  An orc warlord (Orc:2)
  Aizul (Spider:1)
  2 deep elf elementalists (Elf:3)
  7 ironheart preservers
  A very ugly thing (Vaults:3)
  5 entropy weavers
  A stone giant (Vaults:2)
  Azrael (D:13)
  6 deep elf demonologists (Elf:3)
  9 deep elf annihilators
  A minotaur (Gauntlet)
  2 spark wasps (Spider:4)
  A blizzard demon (Abyss:3)
  8 deep elf death magi
  A crystal guardian (Vaults:3)
  3 merfolk javelineers
  2 deep elf high priests (Elf:3)
  An ettin (Vaults:3)
  7 merfolk impalers
  A great orb of eyes (Vaults:2)
  The ghost of kae the Arsonist, a journeyman DrFE of Vehumet (Lair:2)
  2 rakshasas
  2 ice dragons (Vaults:1)
  7 vault guards (D:13)
  8 yaktaur captains
  The ghost of Golugh the Eclecticist, a journeyman DECj of Sif Muna (Lair:2)
  2 merfolk avatars
  2 merfolk aquamancers (Shoals:4)
  2 catoblepae
  2 hydras
  22 two-headed ogres
  An alligator snapping turtle (Shoals:4)
  A satyr (Shoals:3)
  19 dancing weapons
  3 centaur warriors
  8 ogre magi
  10 death yaks
  3 deep troll shamans
  3 death knights
  A tengu warrior (D:15)
  5 large abominations
  An orc high priest (Orc:2)
  A skeletal warrior (Vaults:2)
  20 deep elf knights
  A shadow wraith (Vaults:2)
  12 sea snakes
  An unseen horror (D:15)
  5 deep trolls
  4 wizards
  A glowing orange brain (Vaults:2)
  2 phantasmal warriors
  Pikel (D:5)
  13 harpies
  A lindwurm (Lair:6)
  13 deep elf archers
  9 ironbrand convokers
  15 orc knights
  35 wolf spiders
  62 deep elf magi
  20 orb spiders
  27 fauns
  8 manticores
  6 orc sorcerers
  23 ugly things
  4 moths of wrath
  8 cyclopes
  10 elephants (Lair:6)
  10 merfolk sirens
  Maurice (D:8)
  6 water nymphs
  The ghost of Hycrow the Cudgeler, a novice MiBe of Trog (D:5)
  2 gargoyles (D:11)
  A guardian serpent (shapeshifter) (Vaults:3)
  4 black mambas
  Psyche (D:11)
  A spiny frog (shapeshifter) (Vaults:2)
  9 vault sentinels
  7 spiny frogs
  2 torpor snails
  3 demonic crawlers
  A rime drake (Lair:6)
  3 komodo dragons
  6 freezing wraiths
  The ghost of strongu the Slicer, a novice OpGl of Gozag (D:5)
  2 kobold demonologists
  An efreet (D:15)
  An ancient zyme (Abyss:3)
  19 yaktaurs
  A hellwing (Abyss:3)
  3 tengu conjurers (D:15)
  36 jumping spiders
  A merfolk (shapeshifter) (D:13)
  A queen bee (shapeshifter) (Vaults:1)
  13 merfolk
  4 trolls
  7 wind drakes
  A wolf spider simulacrum (D:15)
  Prince Ribbit (D:7)
  8 hornets
  A hornet (shapeshifter) (Elf:3)
  3 polar bears
  Grinder (D:3)
  A blink frog (shapeshifter) (Vaults:1)
  20 blink frogs
  21 slime creatures
  9 snapping turtles
  9 dream sheep
  An air elemental (Elf:1)
  12 hippogriffs
  A vampire (D:11)
  38 tarantellas
  A meliai zombie (D:11)
  105 redbacks
  31 yaks
  12 water elementals
  Sigmund (D:3)
  3 spriggans (shapeshifter)
  5 fire bats (D:10)
  3 wraiths
  A basilisk (Lair:2)
  A steam dragon (D:9)
  3 hungry ghosts
  7 fire elementals
  10 vampire mosquitoes
  Edmund (D:6)
  5 wargs
  2 acid dragons
  2 insubstantial wisps (D:9)
  15 water moccasins
  11 porcupines
  2 hell hounds (D:13)
  2 black bears
  A hornet zombie (D:14)
  7 sky beasts
  A black bear (shapeshifter) (Vaults:1)
  37 orc warriors
  A necrophage (D:10)
  An eye of draining (D:10)
  3 ice beasts
  A swamp drake (Lair:1)
  2 small abominations
  34 ogres
  13 wolves
  9 centaurs
  8 crocodiles
  6 big kobolds
  22 bullfrogs
  A wyvern zombie (D:11)
  5 scorpions
  5 killer bees (D:13)
  8 wights (D:9)
  4 howler monkeys
  5 crimson imps
  A yaktaur simulacrum (Vaults:1)
  A quasit (D:12)
  2 bullfrog zombies
  A gnoll shaman (D:9)
  8 hounds
  6 jellies
  A centaur skeleton (D:6)
  6 bullfrog skeletons
  21 orc priests
  Crazy Yiuf (D:3)
  Jessica (D:3)
  3 iguanas
  32 orc wizards
  6 hell rats (Lair:6)
  14 worker ants
  A killer bee zombie (D:6)
  A hound zombie (D:8)
  2 hound skeletons
  2 worker ant zombies (D:6)
  Robin (D:3)
  18 gnolls
  8 adders
  2 river rats (Lair:1)
  4 shadow imps
  An ooze (shapeshifter) (Elf:3)
  8 oozes
  4 worms
  3 dart slugs
  9 leopard geckos
  91 orcs
  2 ball pythons (D:3)
  5 bats
  6 giant cockroaches
  12 hobgoblins
  16 jackals
  17 kobolds
  7 quokkas
  3 frilled lizards
  11 goblins
  2 jackal skeletons
  2 leopard gecko skeletons (D:4)
  2 leopard gecko zombies
  2 quokka skeletons
  11 rats
  A bush (Lair:6)
  A crawling corpse (Vaults:3)
  2 fungi
  2 plants (Shoals:3)
  A starspawn tentacle (Abyss:3)
  2 tentacles (Shoals:2)
  A withered plant (D:5)
1539 creatures vanquished.

Vanquished Creatures (collateral kills)
  Jorgrun (Elf:1)
  A deep elf blademaster (Elf:3)
  A kraken (Shoals:2)
  A vault warden (Vaults:3)
  A deep elf demonologist (Elf:3)
  A deep elf annihilator (Elf:3)
  A merfolk javelineer (Shoals:4)
  4 deep elf death magi (Elf:3)
  A fire dragon (D:10)
  A blizzard demon (Gauntlet)
  A merfolk impaler (Shoals:4)
  The ghost of Reubyar the Impaler, a journeyman MiBe of Trog (Lair:2)
  A deep elf high priest (Elf:3)
  An orc high priest (Orc:1)
  The ghost of Nusieshru the Covert, a journeyman DEWz of Vehumet (Lair:2)
  A glowing orange brain (Abyss:3)
  2 deep elf archers (Elf:1)
  2 harpies (Shoals:4)
  4 ugly things (Vaults:3)
  2 kobold demonologists (D:10)
  2 yaktaurs (Vaults:3)
  A merfolk (Shoals:1)
  An ancient zyme (Abyss:3)
  A redback (Gauntlet)
  A ynoxinul (Abyss:3)
  A wraith (D:13)
  A tarantella (Spider:1)
  2 large abominations (Abyss:3)
  A big kobold (D:10)
  A small abomination (Abyss:1)
  A white imp (Abyss:1)
  A plant (Shoals:4)
  A tentacle (Shoals:2)
44 creatures vanquished.

Vanquished Creatures (others)
  2 deep elf master archers (Elf:3)
  A vault warden (Vaults:2)
  An ironheart preserver (Vaults:3)
  A great orb of eyes (Vaults:1)
  2 centaur warriors
  A glowing orange brain (Vaults:1)
  2 deep elf archers
  A harpy (Vaults:2)
  A wolf spider (Spider:1)
  2 deep elf magi
  7 yaktaurs
  A merfolk (Shoals:1)
  A jumping spider (Spider:2)
  A shadow (Vaults:3)
  A wyvern (D:11)
  A tarantella (Spider:2)
  8 fungi
  37 plants
  14 starspawn tentacles
  5 tentacles (Shoals:2)
  3 withered plants
93 creatures vanquished.

Grand Total: 1676 creatures vanquished

Notes
Turn   | Place    | Note
-------+----------+-------------------------------------------
     0 | D:1      | raph the Halfling Berserker began the quest for the Orb.
     0 | D:1      | Reached XP level 1. HP: 15/15 MP: 1/1
   213 | D:1      | Reached XP level 2. HP: 20/20 MP: 2/2
   575 | D:1      | Reached XP level 3. HP: 25/25 MP: 3/3
   765 | D:1      | Reached ** piety under Trog
  1446 | D:2      | Upgraded the game from 0.23.2-33-g5129a83184 to
                  | 0.23.2-40-g277498a001
  1472 | D:2      | Reached XP level 4. HP: 31/31 MP: 4/4
  1820 | D:3      | Noticed Jessica
  1825 | D:3      | Killed Jessica
  1892 | D:3      | Reached XP level 5. HP: 36/36 MP: 5/5
  2045 | D:3      | Reached skill level 5 in Long Blades
  2201 | D:3      | Reached XP level 6. HP: 42/42 MP: 6/6
  2301 | D:3      | Noticed a moth of wrath
  2304 | D:3      | Found a bloodstained altar of Trog.
  2325 | D:3      | Reached *** piety under Trog
  2433 | D:3      | Noticed Sigmund
  2448 | D:3      | Killed Sigmund
  2566 | D:3      | Reached XP level 7. HP: 41/46 MP: 7/7
  2838 | D:3      | Noticed Grinder
  2845 | D:3      | Killed Grinder
  2958 | D:3      | Found a runed translucent door.
  2959 | D:3      | Noticed Crazy Yiuf
  2969 | D:3      | Killed Crazy Yiuf
  3121 | D:3      | Noticed Robin
  3160 | D:3      | Killed Robin
  3397 | D:4      | Reached XP level 8. HP: 52/52 MP: 8/8
  3494 | D:4      | Reached **** piety under Trog
  3782 | D:4      | Found Kajerr's Antique Weapon Shoppe.
  4142 | D:4      | Found an ornate altar of the Wu Jian Council.
  4148 | D:5      | Entered Level 5 of the Dungeon
  4153 | D:5      | Noticed Pikel
  4154 | D:5      | Noticed a +0 dagger
  4154 | D:5      | Noticed a +0 hand axe
  4161 | D:5      | Killed Pikel
  4161 | D:5      | Reached skill level 10 in Short Blades
  4161 | D:5      | Reached XP level 9. HP: 56/56 MP: 9/9
  4175 | D:5      | Found a hide-covered altar of Uskayaw.
  4470 | D:5      | Found a staircase to the Ecumenical Temple.
  4557 | D:5      | Found a hazy altar of Hepliaklqana.
  4559 | D:5      | Found a basalt altar of Yredelemnul.
  4559 | D:5      | Found a basalt altar of Yredelemnul.
  4569 | D:5      | Found a snail-covered altar of Cheibriados.
  4569 | D:5      | Found a hazy altar of Hepliaklqana.
  4569 | D:5      | Found a shimmering altar of Xom.
  4675 | D:5      | Found a runed translucent gate.
  4676 | D:5      | Found a runed translucent gate.
  4677 | D:5      | Found a runed translucent gate.
  4678 | D:5      | Noticed strongu's ghost (novice OpGl)
  4679 | D:5      | Noticed Hycrow's ghost (novice MiBe)
  4717 | D:6      | Found a shattered altar of Ashenzari.
  4946 | D:6      | Noticed Edmund
  4975 | D:6      | Killed Edmund
  5370 | D:6      | Reached ***** piety under Trog
  5561 | D:7      | Found a shadowy altar of Dithmenos.
  5561 | D:7      | Noticed a cyclops
  5583 | D:7      | Reached XP level 10. HP: 53/64 MP: 10/10
  5599 | D:7      | Found a transporter.
  5767 | D:7      | Noticed Prince Ribbit
  5807 | D:7      | Killed Prince Ribbit
  5807 | D:7      | Reached skill level 5 in Armour
  5807 | D:7      | Reached skill level 5 in Dodging
  6011 | D:7      | Found a transporter.
  6231 | D:7      | Found a sacrificial altar of Ru.
  6233 | D:7      | Found a glowing golden altar of the Shining One.
  6646 | D:8      | Noticed Maurice
  6655 | D:8      | Reached skill level 5 in Fighting
  6946 | D:8      | Killed Maurice
  7395 | D:8      | Found a glowing golden altar of the Shining One.
  7916 | D:9      | Found a snail-covered altar of Cheibriados.
  8073 | D:9      | Reached XP level 11. HP: 72/72 MP: 11/11
  9037 | D:10     | Entered Level 10 of the Dungeon
  9367 | D:10     | Found a staircase to the Lair.
  9545 | D:10     | Noticed a two-headed ogre
  9553 | D:10     | Killed a two-headed ogre
  9588 | D:10     | Noticed a fire dragon
  9589 | D:10     | Found the +7 great mace "Firestarter" {inner flame, rF++}
  9637 | D:10     | Killed a fire dragon
  9902 | D:10     | Found a staircase to the Orcish Mines.
 10048 | D:10     | Noticed a sun demon
 10126 | D:10     | Received a gift from Trog
 10433 | Lair:1   | Entered Level 1 of the Lair of Beasts
 10439 | Lair:1   | Reached skill level 1 in Slings
 10654 | Lair:1   | Reached skill level 5 in Slings
 10654 | Lair:1   | Reached XP level 12. HP: 68/82 MP: 4/12
 11025 | Lair:1   | Reached ****** piety under Trog
 11834 | Lair:2   | Reached skill level 10 in Slings
 12111 | Lair:2   | Noticed Sonja
 12119 | Lair:2   | Cast into level 1 of the Abyss (Sonja)
 12186 | Abyss:1  | Noticed a large abomination
 12197 | Abyss:1  | Noticed a wretched star
 12203 | Abyss:1  | Killed a large abomination
 12220 | Abyss:1  | Noticed a yellow draconian
 12224 | Abyss:1  | Noticed a tentacled starspawn
 12228 | Abyss:1  | Gained mutation: Your body sometimes deteriorates upon
                  | taking damage. [a neqoxec]
 12256 | Abyss:1  | Noticed a starcursed mass
 12369 | Abyss:1  | Noticed a tentacled starspawn
 12407 | Abyss:1  | Noticed a rakshasa
 12476 | Abyss:1  | Killed a tentacled starspawn
 12523 | Abyss:1  | Noticed a white very ugly thing
 13078 | Abyss:3  | Found a corrupted altar of Lugonu.
 13159 | Abyss:3  | Noticed a thrashing horror
 13159 | Abyss:3  | Noticed a thrashing horror
 13159 | Abyss:3  | Noticed a thrashing horror
 13159 | Abyss:3  | Noticed a large abomination
 13161 | Abyss:3  | Noticed a tentacled starspawn
 13231 | Abyss:3  | Noticed a balrug
 13231 | Abyss:3  | Noticed a thrashing horror
 13272 | Abyss:4  | Noticed a tentacled starspawn
 13275 | Lair:2   | Escaped the Abyss
 13356 | Lair:2   | Found a runed translucent gate.
 13770 | Lair:2   | Reached XP level 13. HP: 53/88 MP: 4/13
 13932 | Lair:2   | Found a runed translucent gate.
 13932 | Lair:2   | Found a runed translucent gate.
 13934 | Lair:2   | Noticed Golugh's ghost (journeyman DECj)
 13934 | Lair:2   | Noticed Reubyar's ghost (journeyman MiBe)
 13935 | Lair:2   | Noticed kae's ghost (journeyman DrFE)
 13935 | Lair:2   | Noticed Nusieshru's ghost (journeyman DEWz)
 14318 | Lair:3   | Found a staircase to the Shoals.
 14874 | Lair:3   | Reached skill level 15 in Slings
 16482 | Lair:4   | Found a basalt altar of Yredelemnul.
 16519 | Lair:4   | Found a hole to the Spider Nest.
 16885 | Lair:5   | Received a gift from Trog
 17208 | Lair:5   | Found a gate leading to a gauntlet.
 17290 | Gauntlet | Entered a Gauntlet
 17290 | Gauntlet | Found a transporter.
 17293 | Gauntlet | Found a transporter.
 17299 | Gauntlet | Found a transporter.
 17299 | Gauntlet | Found a transporter.
 17301 | Gauntlet | Found a transporter.
 17302 | Gauntlet | Found a transporter.
 17367 | Gauntlet | Got a spiked helmet
 17378 | Gauntlet | Identified the +4 helmet of Feasting {rN+ Slay+2} (You
                  | found it in a Gauntlet)
 17583 | Gauntlet | Noticed a blizzard demon
 17583 | Gauntlet | Found a transporter.
 17593 | Gauntlet | Killed a blizzard demon
 17602 | Gauntlet | Got a faintly glowing jade amulet
 17606 | Gauntlet | Got a pair of dazzling gloves
 17617 | Gauntlet | Identified the cursed +0 pair of gloves of Loteann {Regen+}
                  | (You found it in a Gauntlet)
 17620 | Gauntlet | Identified the amulet of the Real Monster {Spirit rC- MR+++
                  | Int+2} (You found it in a Gauntlet)
 17656 | Gauntlet | Noticed a minotaur
 17673 | Gauntlet | Killed a minotaur
 17688 | Gauntlet | Got a fine garnet amulet
 17700 | Lair:5   | Identified the amulet "Niasaipe" {Inacc *Contam rPois Dex+4
                  | SInv} (You found it in a Gauntlet)
 17702 | Lair:5   | Gained mutation: Armour fits poorly on your strangely
                  | shaped body. [mutagenic glow]
 17879 | Lair:5   | Noticed a seven-headed hydra
 17891 | Lair:5   | Killed a seven-headed hydra
 18372 | Lair:5   | Reached XP level 14. HP: 80/93 MP: 4/14
 18774 | Orc:1    | Entered Level 1 of the Orcish Mines
 19036 | Orc:1    | Received a gift from Trog
 19512 | Orc:1    | Reached skill level 1 in Stealth
 19532 | Orc:1    | Lost mutation: Armour fits poorly on your strangely shaped
                  | body. [potion of mutation]
 19532 | Orc:1    | Lost mutation: Your body sometimes deteriorates upon taking
                  | damage. [potion of mutation]
 19532 | Orc:1    | Gained mutation: Your muscles are strong. (Str +2) [potion
                  | of mutation]
 19818 | Orc:2    | Entered Level 2 of the Orcish Mines
 20005 | Orc:2    | Found a staircase to the Elven Halls.
 20251 | Orc:2    | Reached skill level 2 in Stealth
 20612 | Orc:2    | Noticed an orc warlord
 20644 | Orc:2    | Killed an orc warlord
 20644 | Orc:2    | Reached skill level 3 in Stealth
 20802 | Orc:2    | Received a gift from Trog
 20996 | Orc:2    | Found a roughly hewn altar of Beogh.
 21077 | Orc:2    | Reached skill level 4 in Stealth
 21139 | Orc:2    | Found Xuxetzaf's Jewellery Emporium.
 21144 | Orc:2    | Found Fuskohog's Antique Armour Emporium.
 21146 | Orc:2    | Found Hofeehe's General Store.
 21148 | Orc:2    | Found Haokau's Antique Weapon Emporium.
 21172 | Orc:2    | Bought 2 potions of heal wounds for 130 gold pieces
 21172 | Orc:2    | Bought a wand of clouds (6) for 390 gold pieces
 21550 | Orc:2    | Bought a +5 amulet of reflection for 700 gold pieces
 21636 | D:7      | Found a shimmering altar of Xom.
 21636 | D:7      | Found an opulent altar of Gozag.
 21751 | D:7      | Got a scintillating ivory amulet
 21753 | D:7      | Identified the amulet of Eternal Harmony {Inacc rF+ rN+
                  | Int-4 Stlth+} (You found it on level 7 of the Dungeon)
 22141 | D:11     | Reached skill level 10 in Dodging
 22274 | D:11     | Noticed Psyche
 22278 | D:11     | Killed Psyche
 22341 | D:11     | Found a gateway to a bazaar.
 22450 | Bazaar   | Entered a bazaar
 22528 | Bazaar   | Found Zumuh's Antique Weapon Emporium.
 22533 | Bazaar   | Bought a twisted short sword for 240 gold pieces
 22533 | Bazaar   | Identified the cursed +0 short sword of Turmoil {pain,
                  | rPois Str+3} (You bought it in a shop in a bazaar)
 22540 | Bazaar   | Found Ygilut's Antique Weapon Shoppe.
 22545 | Bazaar   | Bought a transparent hunting sling for 162 gold pieces
 22556 | Bazaar   | Found Pedonej's Antique Armour Shoppe.
 22567 | Bazaar   | Found Nave's Antique Armour Emporium.
 22681 | D:11     | Identified the +1 hunting sling of Slime {speed, Str+3}
                  | (You bought it in a shop in a bazaar)
 22756 | D:11     | Found Arghunid's Distillery.
 22962 | D:11     | Found Himamuomn's Antique Armour Emporium.
 23061 | D:11     | Found Gofuhug's Book Emporium.
 23172 | D:12     | Reached skill level 10 in Armour
 23174 | D:12     | Received a gift from Trog
 23806 | D:12     | Reached skill level 5 in Stealth
 24126 | D:13     | Received a gift from Trog
 24132 | D:13     | Noticed Frances
 24465 | D:13     | Killed Frances
 24579 | D:13     | Found a gate to the Vaults.
 24612 | D:13     | Reached XP level 15. HP: 101/101 MP: 5/15
 24619 | D:13     | Reached skill level 6 in Stealth
 24826 | D:13     | Received a gift from Trog
 24946 | D:13     | Noticed Azrael
 24964 | D:13     | Killed Azrael
 25553 | D:13     | Noticed Rupert
 25603 | D:13     | Killed Rupert
 25603 | D:13     | Reached skill level 7 in Stealth
 26262 | D:14     | Reached skill level 1 in Evocations
 26529 | D:15     | Entered Level 15 of the Dungeon
 26914 | D:15     | Received a gift from Trog
 27023 | D:15     | Reached skill level 8 in Stealth
 27506 | D:15     | Received a gift from Trog
 27676 | D:15     | Reached skill level 9 in Stealth
 28053 | D:15     | Received a gift from Trog
 28090 | D:15     | Paralysed by an orc sorcerer for 6 turns
 28235 | D:15     | Found a staircase to the Depths.
 29008 | Shoals:1 | Entered Level 1 of the Shoals
 29098 | Shoals:1 | Reached skill level 5 in Evocations
 29629 | Shoals:1 | Reached XP level 16. HP: 90/109 MP: 6/19
 29831 | Shoals:1 | Identified a scroll of acquirement
 30429 | Shoals:1 | Reached skill level 10 in Fighting
 31576 | Shoals:2 | Noticed a kraken
 31599 | Shoals:2 | Killed a kraken
 32212 | Shoals:2 | Noticed Polyphemus
 32233 | Shoals:2 | Killed Polyphemus
 32866 | Shoals:3 | Received a gift from Trog
 34329 | Shoals:3 | Reached XP level 17. HP: 31/117 MP: 6/20
 34961 | Spider:1 | Entered Level 1 of the Spider Nest
 35182 | Spider:1 | Received a gift from Trog
 36040 | Spider:1 | Reached skill level 10 in Stealth
 36588 | Spider:1 | Received a gift from Trog
 37227 | D:5      | Killed strongu's ghost
 37235 | D:5      | Killed Hycrow's ghost
 37499 | Lair:2   | Killed Golugh's ghost
 37510 | Lair:2   | Killed kae's ghost
 37563 | Lair:2   | Killed Reubyar's ghost
 37568 | Lair:2   | Killed Nusieshru's ghost
 37746 | Lair:6   | Entered Level 6 of the Lair of Beasts
 38476 | Lair:6   | Found a viscous altar of Jiyva.
 38503 | Lair:6   | Found a staircase to the Slime Pits.
 39185 | Lair:6   | Reached skill level 11 in Stealth
 39241 | Lair:6   | Received a gift from Trog
 39780 | Spider:2 | Noticed Aizul
 39808 | Spider:1 | Killed Aizul
 40169 | Spider:2 | Reached skill level 12 in Stealth
 40333 | Spider:2 | Received a gift from Trog
 40333 | Spider:2 | Reached XP level 18. HP: 124/124 MP: 7/23
 41361 | Spider:3 | Received a gift from Trog
 41761 | Spider:3 | Reached skill level 13 in Stealth
 43452 | Elf:1    | Entered Level 1 of the Elven Halls
 43552 | Elf:1    | Received a gift from Trog
 43559 | Elf:1    | Noticed Jorgrun
 43572 | Elf:1    | Killed Jorgrun
 43760 | Elf:1    | Reached skill level 10 in Evocations
 43968 | Elf:1    | Reached skill level 14 in Stealth
 44112 | Elf:1    | Identified the cursed +0 shield of Hugauth {rF++ MP+9 Int+2
                  | Dex-2}
 44112 | Elf:1    | Noticed Donald
 44136 | Elf:1    | Killed Donald
 45011 | Elf:2    | Found a runed translucent gate.
 45026 | Elf:2    | Noticed Louise
 45056 | Elf:2    | Killed Louise
 45056 | Elf:2    | Received a gift from Trog
 45065 | Elf:2    | Got a smoking hunting sling {god gift}
 45084 | Elf:2    | Identified the +6 hunting sling "Ywics" {venom, rElec rPois
                  | Str+3 Int-2} (Trog gifted it to you on level 2 of the Elven
                  | Halls)
 45271 | Elf:2    | Reached XP level 19. HP: 129/129 MP: 9/27
 45302 | Elf:2    | Reached skill level 1 in Shields
 45415 | Elf:2    | Found a runed translucent gate.
 45444 | Elf:2    | Found Vutyzae's Assorted Antiques.
 45455 | Elf:2    | Bought a scroll of enchant weapon for 225 gold pieces
 45455 | Elf:2    | Bought a dented jade amulet for 150 gold pieces
 45458 | Elf:2    | Found Rol Peri's Distillery.
 45464 | Elf:2    | Bought 2 potions of agility for 112 gold pieces
 45464 | Elf:2    | Bought a potion of haste for 140 gold pieces
 45857 | Elf:2    | Found a runed translucent gate.
 45918 | Elf:2    | Reached skill level 5 in Shields
 46112 | Elf:2    | Noticed Asterion
 46231 | Elf:2    | Received a gift from Trog
 46376 | Elf:2    | Killed Asterion
 46727 | Elf:2    | Reached skill level 15 in Stealth
 46838 | Elf:2    | Noticed a deep elf blademaster
 46864 | Elf:2    | Killed a deep elf blademaster
 47173 | Elf:3    | Entered Level 3 of the Elven Halls
 47402 | Elf:3    | Noticed Nikola
 47426 | Elf:3    | Killed Nikola
 47426 | Elf:3    | Received a gift from Trog
 48319 | Elf:3    | Found a runed translucent gate.
 48320 | Elf:3    | Found a runed translucent gate.
 48322 | Elf:3    | Found a runed translucent gate.
 48322 | Elf:3    | Noticed a tentacled monstrosity
 48322 | Elf:3    | Noticed a tentacled monstrosity
 48323 | Elf:3    | Noticed a tentacled monstrosity
 48364 | Elf:3    | Reached skill level 16 in Stealth
 48529 | Elf:3    | Noticed a tentacled monstrosity
 48908 | Elf:3    | Noticed an Ice Fiend
 49431 | Elf:3    | Cast into level 3 of the Abyss (a deep elf sorcerer)
 49464 | Abyss:3  | Noticed a bone dragon
 49466 | Elf:3    | Escaped the Abyss
 49487 | Elf:3    | Noticed a deep elf blademaster
 49498 | Elf:3    | Killed a deep elf blademaster
 49593 | Elf:3    | Reached skill level 17 in Stealth
 49675 | Elf:3    | Found Kych's Food Shoppe.
 49993 | Elf:3    | Identified the +10 hand axe "Leajuogh" {flame, Dex+4}
 50022 | Elf:3    | Received a gift from Trog
 50264 | Elf:3    | Identified the +4 scimitar of the Valley {flame, Str+4}
 50264 | Elf:3    | Identified the amulet "Pyil" {+Rage Int+2 SInv}
 50422 | Elf:3    | Identified the +1 ring mail of Ladazxar {+Blink rPois rF+
                  | Regen+}
 50422 | Elf:3    | Noticed a deep elf blademaster
 50432 | Elf:3    | Reached XP level 20. HP: 68/137 MP: 28/28
 50773 | Elf:3    | Identified the +4 ring mail of the Invisible Hand {+Inv rN+
                  | Dex+7}
 50793 | Elf:3    | Reached skill level 18 in Stealth
 50903 | Elf:3    | Received a gift from Trog
 51110 | Elf:3    | Got a coiled iron ring
 51112 | Elf:3    | Identified the ring "Tecaskis" {Int+4 Stlth+} (You acquired
                  | it on level 3 of the Elven Halls)
 51729 | Elf:3    | Got a faintly glowing hunting sling
 51732 | Elf:3    | Identified the +8 hunting sling "Aruhekec" {freeze, Str+3
                  | Int+2} (You found it on level 3 of the Elven Halls)
 51743 | Elf:3    | Got a crude helmet
 51754 | Elf:3    | Identified the +2 helmet of Haet {Int+3} (You found it on
                  | level 3 of the Elven Halls)
 51787 | Elf:3    | Identified the Tome of Sinister Rites and Enchantment
 52120 | Shoals:4 | Entered Level 4 of the Shoals
 52151 | Shoals:4 | Reached skill level 19 in Stealth
 52215 | Shoals:4 | Got a barnacled rune of Zot
 52448 | Shoals:4 | Received a gift from Trog
 53108 | Shoals:4 | Found Vyjauguw's Magic Scroll Shoppe.
 53135 | Shoals:4 | Bought a scroll of enchant weapon for 142 gold pieces
 53135 | Shoals:4 | Bought a scroll of magic mapping for 66 gold pieces
 53688 | Spider:4 | Entered Level 4 of the Spider Nest
 53762 | Spider:4 | Reached skill level 20 in Stealth
 54114 | Spider:4 | Received a gift from Trog
 54858 | Spider:4 | Reached XP level 21. HP: 136/143 MP: 2/29
 56399 | Spider:4 | Received a gift from Trog
 56725 | Spider:4 | Got a gossamer rune of Zot
 57036 | Vaults:1 | Entered Level 1 of the Vaults
 57726 | Vaults:1 | Found Qeiceet's Antique Weapon Shop.
 57737 | Vaults:1 | Bought a twisted hunting sling for 188 gold pieces
 57737 | Vaults:1 | Bought a faintly glowing dagger for 203 gold pieces
 57739 | Vaults:1 | Identified the +8 hunting sling "Cixuodos" {velocity,
                  | +Blink rElec} (You bought it in a shop on level 1 of the
                  | Vaults)
 57743 | Vaults:1 | Identified the +5 dagger of Offence {distort, +Blink Int+3}
                  | (You bought it in a shop on level 1 of the Vaults)
 58042 | Vaults:1 | Cast into level 3 of the Abyss (a distortion unwield)
 58078 | Abyss:3  | Found an opulent altar of Gozag.
 58137 | Abyss:3  | Gained mutation: You are frail. (-10% HP) [a cacodemon]
 58281 | Abyss:3  | Noticed a bone dragon
 58466 | Vaults:1 | Escaped the Abyss
 58779 | Vaults:1 | Received a gift from Trog
 58942 | Vaults:1 | Identified the ring "Zuyfud" {rPois rC+ MR+ Int+6}
 59722 | Vaults:1 | Reached skill level 21 in Stealth
 60487 | Vaults:1 | Found Pewnet's Assorted Antiques.
 60752 | Vaults:2 | Received a gift from Trog
 60998 | Vaults:2 | Reached XP level 22. HP: 107/133 MP: 30/30
 61557 | Vaults:2 | Received a gift from Trog
 62980 | Vaults:3 | Found Kykuv's Antique Armour Boutique.
 63019 | Vaults:3 | Reached skill level 15 in Short Blades
 63113 | Vaults:3 | Bought an embroidered cloak for 247 gold pieces
 63289 | Vaults:3 | Received a gift from Trog
 63492 | Vaults:3 | Received a gift from Trog
 63694 | Vaults:3 | Reached skill level 22 in Stealth
 63879 | Vaults:3 | Received a gift from Trog
 64358 | Vaults:3 | Found Meum's Book Emporium.
 64382 | Vaults:3 | Reached XP level 23. HP: 122/141 MP: 31/31
 64624 | Vaults:3 | Received a gift from Trog
 64656 | Vaults:3 | Killed from afar by a deep elf annihilator

Skill      XL: |  1  2  3  4  5  6  7  8  9 10 11 12 13 14 15 16 17 18 19 20 21 22 23 |
---------------+----------------------------------------------------------------------+-----
Fighting       | 3 4 6 7 9 11 12 13 | 13.3
Long Blades    | 4 5 |  5.6
Short Blades   | 4 7 10 11 12 13 14 15 16 | 16.0
Armour         | 4 7 9 10 11 12 14 | 14.1
Dodging        | 4 7 9 10 11 12 14 | 14.1
Slings         | 5 14 19 20 | 20.9
Stealth        | 5 9 12 14 17 20 21 22 | 22.3
Evocations     | 5 7 11 | 11.0
Shields        | 7 |  7.0

Action                   |  1- 3 |  4- 6 |  7- 9 | 10-12 | 13-15 | 16-18 | 19-21 | 22-24 || total
-------------------------+-------+-------+-------+-------+-------+-------+-------+-------++-------
Melee: Falchion          |   100 |    69 |       |       |       |       |       |       ||   169
       Rapier            |       |    28 |    24 |       |       |  1196 |  1256 |   601 ||  3105
       Short sword       |       |       |   399 |   810 |       |       |       |       ||  1209
       Dagger            |       |       |       |   445 |  1552 |   247 |    21 |       ||  2265
       Quick blade       |       |       |       |       |       |       |    86 |       ||    86
       Hunting sling     |       |       |       |       |       |       |     1 |       ||     1
 Fire: Fustibalus        |       |       |     5 |       |   320 |   546 |       |       ||   871
       Hunting sling     |       |       |       |     1 |       |   341 |   790 |   325 ||  1457
Throw: Tomahawk          |       |       |       |     1 |       |     3 |     6 |     2 ||    12
Invok: Berserk           |     4 |     5 |    10 |    13 |    22 |    19 |    11 |     3 ||    87
       Trog's Hand       |       |     1 |       |     6 |     9 |     7 |     8 |     5 ||    36
       Brothers in Arms  |       |       |       |     6 |     4 |     6 |     4 |     1 ||    21
Evoke: Wand              |       |       |       |       |     1 |     4 |     6 |       ||    11
  Use: Scroll            |       |     9 |    10 |    16 |    10 |     9 |     9 |     1 ||    64
       Potion            |       |       |       |     4 |     4 |     4 |     3 |     1 ||    16
 Stab: Sleeping          |     2 |     1 |       |       |     2 |     4 |    18 |    14 ||    41
       Petrified         |       |       |       |       |       |     2 |       |       ||     2
       Distracted        |       |       |       |       |       |     7 |     3 |     4 ||    14
  Eat: Chunk             |     6 |     8 |    17 |    32 |    43 |    34 |    40 |    16 ||   196
       Ration            |       |       |     1 |     3 |    10 |    11 |     7 |       ||    32
Armor: Animal skin       |    23 |     9 |       |       |       |       |       |       ||    32
       Robe              |       |     9 |     1 |       |       |       |       |       ||    10
       Ring mail         |       |     6 |    68 |    92 |       |       |       |       ||   166
       Fire dragon scale |       |       |       |   183 |   293 |   503 |   285 |    84 ||  1348
Dodge: Dodged            |    93 |    84 |   176 |   802 |   975 |  1448 |   690 |   282 ||  4550
Block: Other             |       |       |       |       |   101 |   190 |       |       ||   291
       Reflection        |       |       |       |       |     4 |     2 |    41 |    43 ||    90
       Buckler           |       |       |       |       |       |       |   540 |   327 ||   867
       Rpst.: Falchion   |    33 |    15 |       |       |       |       |       |       ||    48
